 Dungeon Crawl Stone Soup version 0.17-a0-1-g1f4be75 (webtiles) character file.

79 McCoppin the Skirmisher (level 4, 0/44 HPs)
             Began as a Naga Fighter on Mar 5, 2015.
             Slain by a gnoll
             ... wielding a +0 spear of venom
              (9 damage)
             ... on level 2 of the Dungeon.
             The game lasted 00:04:52 (1630 turns).

McCoppin the Skirmisher (Naga Fighter)              Turns: 1630, Time: 00:04:53

Health: 0/44       AC:  4    Str: 20    XL:     4   Next: 38%
Magic:  4/4        EV:  5    Int: 13    God:
Gold:   57         SH:  8    Dex: 10    Spells: 0 memorised, 3 levels left

rFire  . . .     SeeInvis +     a - +0 flail
rCold  . . .     Clarity  .     b - +0 scale mail
rNeg   . . .     SustAb   .     c - +0 shield
rPois  +         Gourm    .     (no helmet)
rElec  .         Spirit   .     (no cloak)
rCorr  .         Warding  .     (no gloves)
rMut   .         Stasis   .     (no barding)
MR     .....                    (no amulet)
Stlth  ..........               (no ring)
                                (no ring)

@: brilliant, lethally poisoned (0 -> -2), very slow, not resistant to hostile
enchantments, extremely unstealthy
A: spit poison, see invisible, deformed body, poison resistance, slowness 2, AC
+1
a: Spit Poison


You were on level 2 of the Dungeon.
You were hungry.

You visited 1 branch of the dungeon, and saw 2 of its levels.

You collected 57 gold pieces.

Inventory:

Hand weapons
 a - a +0 flail (weapon)
Armour
 b - a +0 scale mail (worn)
 c - a +0 shield (worn)
 k - a +0 chain mail
Magical devices
 o - a wand of slowing (18)
Scrolls
 f - a scroll of remove curse {unknown}
 i - a scroll of teleportation {unknown}
 l - 2 scrolls of identify {unknown}
 m - a scroll of amnesia {unknown}
 p - a scroll of random uselessness {unknown}
Potions
 e - a potion of might
 h - a potion of agility {unknown}
 j - 2 potions of cancellation {unknown}
Comestibles
 d - a bread ration


   Skills:
 + Level 4.0 Fighting
 + Level 3.5 Maces & Flails
 - Level 2.4 Armour
 - Level 2.4 Shields


You had 3 spell levels left.
You didn't know any spells.

Dungeon Overview and Level Annotations

Branches:
Dungeon (2/15)

Altars:
Ru


Innate Abilities, Weirdness & Mutations

You cannot wear boots.
You can spit poison.
Your serpentine skin is tough (AC +1).
You have supernaturally acute eyesight.
Armour fits poorly on your strangely shaped body.
Your system is resistant to poisons.
You cover ground very slowly.


Message History

Your Fighting skill increases to level 4!
You feel sick.
You sock the gnoll!
You kill the gnoll!
You feel sick.
The gnoll throws a throwing net.
The throwing net hits you.
You become entangled in the net!
You struggle against the net.
The gnoll hits you from afar with a spear of venom.
You tear a large gash into the net.
The gnoll hits you from afar with a spear of venom.
You rip the net and break free!
You feel sick.
The gnoll hits you from afar with a spear of venom.
* * * LOW HITPOINT WARNING * * *
Drink which item? (? for menu, Esc to quit)
You can't drink that!
Drink which item? (? for menu, Esc to quit)
It was a potion of brilliance.
You feel clever all of a sudden.
The gnoll hits you from afar with a spear of venom!
You die...

#.......###.##.###......#
#.......# #[.....#.####.#
#.......# #..###...#....#
######### #..# #.###.####
##.###.# #....# #.....#
##.... ###.### #.###
##########.# ##.# #
#.g†@......# #..###
........########## #..'..
##.#### ##.#####..###
#.........# #
##.######.### #.# #....
#.# ####. #.# #. #.# ###.


You could see a gnoll.

Vanquished Creatures
  2 gnolls (D:2)
  2 adders (D:2)
  A worm (D:2)
  7 bats
  5 goblins
  4 hobgoblins
  4 jackals (D:2)
  A quokka (D:2)
  A giant cockroach (D:1)
  2 giant geckos
  3 giant newts
  4 kobolds
  5 rats
41 creatures vanquished.

Notes
Turn   | Place    | Note
--------------------------------------------------------------
     0 | D:1      | McCoppin, the Naga Fighter, began the quest for the Orb.
     0 | D:1      | Reached XP level 1. HP: 21/21 MP: 1/1
   170 | D:1      | Reached XP level 2. HP: 26/28 MP: 2/2
   852 | D:2      | Reached XP level 3. HP: 27/34 MP: 3/3
  1289 | D:2      | Reached XP level 4. HP: 34/44 MP: 4/4
  1321 | D:2      | Found a sacrificial altar of Ru.
  1625 | D:2      | Reached skill level 4 in Fighting
  1630 | D:2      | Slain by a gnoll

Action                   |  1- 3 |  4- 6 || total
-------------------------+-------+-------++-------
Melee: Flail             |   128 |    28 ||   156
  Use: Potion            |       |     1 ||     1
  Eat: Chunk             |     1 |     1 ||     2
